 Dungeon Crawl Stone Soup version 0.19-a0-1490-g5dd3618 (webtiles) character file.

30968 PurpleRed the Severer (level 13, -9/108 HPs)
             Began as a Human Berserker on Sept 8, 2016.
             Was a High Priest of Trog.
             Killed from afar by a manticore (22 damage)
             ... with a volley of spikes
             ... on level 1 of the Shoals.
             The game lasted 00:56:17 (6160 turns).

PurpleRed the Severer (Human Berserker)             Turns: 6160, Time: 00:56:17

Health: -9/108     AC: 20    Str: 24    XL:     13   Next: 92%
Magic:  13/13      EV: 10    Int:  7    God:    Trog [*****.]
Gold:   564        SH:  3    Dex: 12    Spells: 0 memorised, 12 levels left

rFire  + . .     SeeInvis .     a - +6 war axe (elec)
rCold  + . .     Gourm    .     p - +4 scale mail {rF+}
rNeg   + . .     Faith    .     l - +0 buckler {rN+}
rPois  .         Spirit   .     x - +0 helmet
rElec  .         Dismiss  .     i - +0 cloak
rCorr  +         Reflect  .     h - +1 pair of gloves
MR     ++...     Harm     +     f - +1 pair of boots
Stlth  ..........               n - amulet of harm
                                r - ring of protection from cold
                                K - ring of resist corrosion

@: barbed spikes, very slightly contaminated, regenerating
A: no striking features
a: Berserk, Trog's Hand, Brothers in Arms, Burn Spellbooks, Renounce Religion


You were on level 1 of the Shoals.
You worshipped Trog.
Trog was extremely pleased with you.
You were very hungry.

You visited 6 branches of the dungeon, and saw 20 of its levels.

You collected 1444 gold pieces.
You spent 880 gold pieces at shops.

Inventory:

Hand Weapons
 a - a +6 war axe of electrocution (weapon)
 e - a +1 war axe of flaming
 I - a +2 war axe of freezing
Missiles
 v - 4 throwing nets (quivered)
Armour
 f - a +1 pair of boots (worn)
 h - a +1 pair of gloves (worn)
 i - a +0 cloak (worn)
 l - a +0 buckler of positive energy (worn)
 p - a +4 scale mail of fire resistance (worn)
 x - a +0 helmet (worn)
 E - a +2 chain mail of cold resistance
 F - a troll hide
Magical Staves
 O - an uncursed staff of poison
Jewellery
 n - an amulet of harm (around neck)
 r - a ring of protection from cold (right hand)
 H - an uncursed ring of magical power
 K - a ring of resist corrosion (left hand)
Wands
 q - a wand of lightning (1/15)
 y - a wand of lightning (8/15)
 M - a wand of digging (5/24)
 N - a wand of flame (30/48)
Scrolls
 b - 4 scrolls of remove curse
 g - 2 scrolls of blinking
 o - 4 scrolls of fog
 D - a scroll of recharging
 L - 3 scrolls of identify
 Q - a scroll of fear
 R - a scroll of silence {unknown}
Potions
 d - 4 potions of brilliance
 j - 2 potions of might
 s - 3 potions of mutation
 u - 3 potions of cure mutation
 w - a potion of resistance
 A - 2 potions of haste
 B - 2 potions of curing
 J - a potion of flight
Books
 k - a book of Debilitation

   Spells                             Type                      Level
   a - Corona                         Hexes                        1
   b - Slow                           Hexes                        2
   c - Gell's Gravitas                Hexes/Translocation          3
   d - Inner Flame                    Hexes/Fire                   3
   e - Cause Fear                     Hexes                        4
   f - Leda's Liquefaction            Hexes/Earth                  4
   Trog disapproves of the use of such an item.
 G - a book of Ice

   Spells                             Type                      Level
   a - Ice Form                       Ice/Transmutation            4
   b - Metabolic Englaciation         Hexes/Ice                    5
   c - Ozocubu's Refrigeration        Ice                          6
   d - Bolt of Cold                   Conjuration/Ice              6
   e - Freezing Cloud                 Conjuration/Ice/Air          6
   f - Simulacrum                     Ice/Necromancy               6
   Trog disapproves of the use of such an item.
Comestibles
 c - 5 bread rations
 t - 5 meat rations
 z - 13 fruits
 C - 2 beef jerkies
 P - 5 chunks of flesh


   Skills:
 + Level 12.0 Fighting
 * Level 15.9 Axes
 + Level 10.6 Armour
 - Level 2.0 Dodging


You had 12 spell levels left.
You didn't know any spells.

Dungeon Overview and Level Annotations

Branches:
Dungeon (9/15)             Temple (1/1) D:7            Lair (6/6) D:8
 Shoals (1/4) Lair:2       Spider (0/4) Lair:2        Slime (1/5) Lair:5
    Orc (2/2) D:9             Elf (0/3) Orc:2

Altars:
Cheibriados
Dithmenos
Elyvilon
Fedhas
Gozag
Hepliaklqana
Kikubaaqudgha
Makhleb
Nemelex Xobeh
Qazlal
Ru
Uskayaw
Vehumet
Xom
The Shining One

Shops:
D:7 [   Orc:2 !=*


Message History

Trog accepts your kill.
The merfolk impaler hits your ogre with a trident!
What are your orders? t - Shout!
Orders for allies: a - Attack new target. r - Retreat! s - Stop attacking. g - Guard the area. f - Follow me.
Anything else - Cancel.
Gang up on whom?
Press: ? - help, Dir - move target cursor, f - manticore
Aim: a manticore (almost dead) Attack!
Your ogre hits the merfolk impaler with a giant spiked club!!
The merfolk impaler hits your ogre with a trident! x2
Your ogre dies!
Your ogre's corpse disappears in a puff of smoke!
The manticore flicks its tail.
The volley of spikes hits you!
The barbed spikes become lodged in your body.
You die...

≈≈≈≈≈≈≈≈.(.≈≈P≈≈≈≈P
≈≈≈≈≈≈≈≈)#.≈≈≈≈≈≈≈≈
≈≈≈≈≈≈≈≈...≈≈≈≈≈≈≈≈
≈≈≈≈≈....≈≈≈≈≈≈≈≈≈≈≈≈≈≈≈≈
≈≈≈≈###≈≈≈≈≈≈≈≈≈≈≈.≈≈≈≈≈
≈≈≈≈###.≈≈≈≈≈≈≈≈.≈.≈≈≈≈≈
≈≈≈≈≈≈≈≈≈.≈≈.........≈≈≈
≈≈≈≈≈≈≈≈..O..##......≈≈≈
≈≈≈≈≈≈≈.@.### ##.m.≈≈≈≈
.≈≈≈≈.......###....≈≈≈≈
.≈...........Hm.≈m≈≈≈≈≈
#....##....≈≈.§m.≈≈..≈≈
##### #....≈.)...≈....≈
#.≈≈≈≈≈##..≈.....
##...≈≈..##....?.#
#.......## #...###
#.≈≈....# .....


You could see a merfolk impaler, a merfolk, a manticore and a friendly
two-headed ogre (berserk).

Vanquished Creatures
  An orc warlord (Orc:2)
  A merfolk javelineer (Shoals:1)
  Josephine (Orc:1)
  A merfolk impaler (Shoals:1)
  4 hydras
  Erica (Orc:1)
  4 death yaks
  4 orc high priests (Orc:2)
  6 orc knights
  A siren (Shoals:1)
  3 spiny frogs
  A rime drake (Lair:5)
  A komodo dragon (Lair:5)
  A troll (Orc:2)
  A merfolk (Shoals:1)
  3 jumping spiders (Lair:2)
  A polar bear (Lair:3)
  Prince Ribbit (D:7)
  8 blink frogs (Lair:2)
  6 dream sheep (Lair:4)
  4 wraiths (Orc:1)
  A wyvern (Lair:4)
  6 redbacks (Lair:2)
  A basilisk (Lair:4)
  7 yaks
  6 hippogriffs
  A warg (D:8)
  4 water moccasins
  2 porcupines
  27 orc warriors
  An ice beast (D:5)
  A phantom (D:6)
  2 sky beasts
  2 centaurs (D:8)
  5 ogres
  5 crocodiles
  A big kobold (D:9)
  6 giant frogs
  2 scorpions (D:4)
  3 killer bees (D:7)
  A crimson imp (D:8)
  A hound (D:6)
  A centaur skeleton (D:7)
  A giant frog skeleton (D:5)
  34 orc priests
  A jelly (D:8)
  13 orc wizards
  3 iguanas
  A killer bee zombie (D:5)
  A hound skeleton (D:8)
  8 gnolls
  An adder (D:7)
  22 river rats
  2 shadow imps
  An ooze (D:1)
  3 adder skeletons
  2 worms (D:2)
  2 dart slugs (D:1)
  93 orcs
  2 bats (D:1)
  A giant cockroach (D:6)
  3 hobgoblins
  9 kobolds
  4 quokkas
  3 ball pythons
  2 giant newts
  2 goblins (D:1)
  A rat (D:2)
  2 fungi
  4 plants
361 creatures vanquished.

Vanquished Creatures (collateral kills)
  An orc high priest (Orc:2)
  A merfolk (Shoals:1)
  A hippogriff (Shoals:1)
  An orc warrior (Orc:2)
4 creatures vanquished.

Grand Total: 365 creatures vanquished

Notes
Turn   | Place    | Note
-------+----------+-------------------------------------------
     0 | D:1      | PurpleRed the Human Berserker began the quest for the Orb.
     0 | D:1      | Reached XP level 1. HP: 18/18 MP: 1/1
    39 | D:1      | Reached XP level 2. HP: 20/24 MP: 2/2
    98 | D:1      | Reached XP level 3. HP: 15/29 MP: 3/3
   439 | D:4      | Noticed a scorpion
   450 | D:4      | Killed a scorpion
   450 | D:4      | Reached skill level 4 in Axes
   450 | D:4      | Reached XP level 4. HP: 37/37 MP: 4/4
   523 | D:4      | Reached skill level 5 in Axes
   523 | D:4      | Reached XP level 5. HP: 21/42 MP: 5/5
   634 | D:4      | Reached ** piety under Trog
   658 | D:5      | Entered Level 5 of the Dungeon
   882 | D:5      | Reached XP level 6. HP: 42/49 MP: 6/6
   967 | D:6      | Noticed a sky beast
   976 | D:6      | Killed a sky beast
  1012 | D:5      | Reached skill level 6 in Axes
  1165 | D:5      | Noticed an ice beast
  1174 | D:5      | Killed an ice beast
  1174 | D:5      | Reached skill level 5 in Fighting
  1174 | D:5      | Reached XP level 7. HP: 56/56 MP: 7/7
  1367 | D:7      | Noticed Prince Ribbit
  1367 | D:7      | Noticed a hungry ghost
  1412 | D:6      | Reached skill level 7 in Axes
  1519 | D:6      | Reached XP level 8. HP: 45/63 MP: 8/8
  1541 | D:6      | Identified a scroll of acquirement
  1687 | D:7      | Found Kuitseck's Antique Armour Shoppe.
  1848 | D:7      | Reached skill level 8 in Axes
  1851 | D:7      | Killed Prince Ribbit
  1936 | D:7      | Found a staircase to the Ecumenical Temple.
  1947 | Temple   | Entered the Ecumenical Temple
  2025 | D:8      | Noticed a death yak
  2031 | D:8      | Reached XP level 9. HP: 71/71 MP: 9/9
  2039 | D:7      | Reached skill level 9 in Axes
  2137 | D:8      | Found a staircase to the Lair.
  2146 | D:8      | Reached *** piety under Trog
  2253 | D:8      | Killed a death yak
  2253 | D:8      | Reached skill level 10 in Axes
  2258 | D:8      | Reached XP level 10. HP: 80/80 MP: 10/10
  2388 | D:9      | Found a staircase to the Orcish Mines.
  2395 | D:9      | Reached skill level 5 in Armour
  2397 | D:9      | Reached **** piety under Trog
  2512 | Orc:1    | Entered Level 1 of the Orcish Mines
  2512 | Orc:1    | Noticed an orc knight
  2516 | Orc:1    | Noticed Josephine
  2551 | D:9      | Killed an orc knight
  2551 | D:9      | Reached skill level 11 in Axes
  2647 | Orc:1    | Killed Josephine
  2793 | Orc:2    | Entered Level 2 of the Orcish Mines
  2801 | Orc:2    | Reached XP level 11. HP: 89/89 MP: 11/11
  2881 | Orc:2    | Reached skill level 12 in Axes
  2920 | Orc:2    | Found a staircase to the Elven Halls.
  2932 | Orc:2    | Noticed an orc knight
  2967 | Orc:2    | Killed an orc knight
  3077 | Orc:1    | Noticed Erica
  3089 | Orc:1    | Killed Erica
  3234 | Orc:2    | Noticed an orc warlord
  3360 | Orc:2    | Killed an orc warlord
  3476 | Orc:2    | Reached skill level 13 in Axes
  3616 | Orc:2    | Reached ***** piety under Trog
  3641 | Orc:2    | Noticed an orc high priest
  3661 | Orc:2    | Killed an orc high priest
  3661 | Orc:2    | Reached skill level 10 in Fighting
  3760 | Orc:2    | Noticed an orc knight
  3808 | Orc:2    | Killed an orc knight
  3852 | Orc:2    | Reached XP level 12. HP: 90/97 MP: 12/12
  4023 | Orc:2    | Noticed an orc high priest
  4060 | Orc:2    | Killed an orc high priest
  4083 | Orc:2    | Noticed an orc high priest
  4088 | Orc:2    | Noticed a soul eater
  4091 | Orc:2    | Killed an orc high priest
  4091 | Orc:2    | Reached skill level 14 in Axes
  4152 | Orc:2    | Noticed an orc high priest
  4200 | Orc:2    | Noticed a sun demon
  4203 | Orc:2    | Killed an orc high priest
  4205 | Orc:2    | Noticed an orc high priest
  4216 | Orc:2    | Killed an orc high priest
  4238 | Orc:2    | Found Muci's General Store.
  4238 | Orc:2    | Found Baol's Distillery.
  4239 | Orc:2    | Found Ytwaby's Jewellery Shop.
  4239 | Orc:2    | Found Iwuczi's Food Boutique.
  4250 | Orc:2    | Bought a potion of haste for 130 gold pieces
  4250 | Orc:2    | Bought a potion of heal wounds for 65 gold pieces
  4250 | Orc:2    | Bought a potion of curing for 39 gold pieces
  4250 | Orc:2    | Bought a potion of curing for 39 gold pieces
  4250 | Orc:2    | Bought a potion of flight for 39 gold pieces
  4250 | Orc:2    | Bought a potion of mutation for 32 gold pieces
  4255 | Orc:2    | Bought an uncursed ring of resist corrosion for 280 gold pieces
  4366 | D:7      | Bought a slimy chain mail for 256 gold pieces
  4376 | D:7      | Identified the cursed +1 chain mail of the Lily {Int+7} (You bought it in a shop on level 7 of the Dungeon)
  4440 | Lair:1   | Entered Level 1 of the Lair of Beasts
  4615 | Lair:4   | Noticed a four-headed hydra
  4626 | Lair:4   | Killed a one-headed hydra
  4686 | Lair:4   | Noticed a death yak
  4687 | Lair:4   | Noticed a death yak
  4687 | Lair:4   | Noticed a death yak
  4688 | Lair:4   | Noticed a death yak
  4698 | Lair:4   | Killed a death yak
  4698 | Lair:4   | Reached XP level 13. HP: 106/106 MP: 13/13
  4712 | Lair:4   | Noticed an eight-headed hydra
  4719 | Lair:4   | Killed a five-headed hydra
  4774 | Lair:4   | Reached skill level 15 in Axes
  4844 | Lair:5   | Noticed a five-headed hydra
  4848 | Lair:5   | Killed a seven-headed hydra
  4992 | Lair:5   | Found a staircase to the Slime Pits.
  5009 | Slime:1  | Entered Level 1 of the Pits of Slime
  5014 | Lair:6   | Entered Level 6 of the Lair of Beasts
  5014 | Lair:6   | Noticed an eight-headed hydra
  5020 | Lair:6   | Reached skill level 10 in Armour
  5025 | Lair:6   | Killed a four-headed hydra
  5517 | Lair:2   | Found a hole to the Spider Nest.
  5552 | Lair:2   | Received a gift from Trog
  5996 | Lair:2   | Found a staircase to the Shoals.
  6023 | Shoals:1 | Entered Level 1 of the Shoals
  6023 | Shoals:1 | Noticed a merfolk javelineer
  6032 | Shoals:1 | Killed a merfolk javelineer
  6076 | Shoals:1 | Noticed a merfolk impaler
  6096 | Shoals:1 | Killed a merfolk impaler
  6150 | Shoals:1 | Noticed a merfolk impaler
  6160 | Shoals:1 | Killed from afar by a manticore

Vault maps used:
D:1:      saegor_arrival_simple_b, serial_forest, infiniplex_forest_end_1,
          infiniplex_forest_clump_small, infiniplex_forest_clump_small,
          infiniplex_forest_lined_2, infiniplex_forest_zigzag_1,
          infiniplex_forest_clump_tiny, infiniplex_forest_straight_3,
          infiniplex_forest_clump_tiny, infiniplex_forest_clump_long
D:3:      first_bread
D:6:      grunt_gozag_breadcrumbs, uniq_pikel
D:7:      serial_shops, kennysheep_mini_moat, minmay_misc_feat_encased,
          grunt_livestock, uniq_menkaure, uniq_crazy_yiuf_cottage,
          uniq_prince_ribbit1
D:8:      lemuel_castle_with_subvaults, dpeg_lair_monsters
D:9:      hiddenorc2_lemuel
Temple:   kilobyte_greek_temple
Lair:2:   elwin_shoals_entry_rocks, nicolae_spider_entry_tight_spaces,
          patterned_corridor, serial_bayou_shore_a
Lair:3:   serial_bayou_ford_a, lemuel_fruit_fields
Lair:4:   st_stairs_5, nicolae_lair_grove_arrangements
Lair:5:   slime_dummy, minmay_holes, grunt_megastairs_4, lemuel_fruit_tree
Lair:6:   evil_forest, serial_bayou_shore_b
Shoals:1: serial_shops, shop, uniq_donald
Orc:1:    uniq_erica, uniq_josephine
Orc:2:    st_orc_pillars

Skill      XL: |  1  2  3  4  5  6  7  8  9 10 11 12 13 |
---------------+----------------------------------------+-----
Axes           | 4 5 6 7 8 10 11 13 14 15 | 15.9
Fighting       | 4 5 6 7 9 10 11 12 | 12.0
Armour         | 4 6 7 9 10 | 10.6
Dodging        | |  2.0

Action                   |  1- 3 |  4- 6 |  7- 9 | 10-12 | 13-15 || total
-------------------------+-------+-------+-------+-------+-------++-------
Melee: Hand axe          |    53 |    69 |   108 |       |       ||   230
       War axe           |       |       |    71 |   378 |   206 ||   655
Invok: Berserk           |     3 |     5 |     9 |    20 |     7 ||    44
       Trog's Hand       |       |       |     1 |     9 |     6 ||    16
       Brothers in Arms  |       |       |       |     2 |     2 ||     4
Evoke: Wand              |       |       |       |       |     4 ||     4
  Use: Scroll            |       |    12 |     5 |     4 |     5 ||    26
       Potion            |       |       |     2 |     4 |     4 ||    10
  Eat: Chunk             |     1 |     7 |    13 |    32 |    13 ||    66
       Fruit             |       |       |       |     3 |     2 ||     5
Armor: Animal skin       |    10 |       |       |       |       ||    10
       Ring mail         |     1 |       |       |       |       ||     1
       Chain mail        |       |    35 |    34 |       |       ||    69
       Scale mail        |       |       |    65 |   164 |   124 ||   353
Dodge: Dodged            |    24 |    23 |    66 |   145 |    97 ||   355
Block: Buckler           |       |    10 |    18 |    25 |    13 ||    66
